 Dungeon Crawl Stone Soup version 0.31-a0-833-gc15d34cb79 (webtiles) character file.

Game seed: 14563936352379247387

847 redmage the Digger (level 8, -7/46 HPs)
             Began as an Octopode Earth Elementalist on Sept 25, 2023.
             Was a Follower of Kikubaaqudgha.
             Mangled by a gnoll
             ... wielding a +0 spear
             ... led by a gnoll sergeant
              (8 damage)
             ... on level 5 of the Dungeon.
             The game lasted 00:18:51 (4399 turns).

redmage the Digger (Octopode Earth Elementalist)    Turns: 4399, Time: 00:18:52

Health: -7/46      AC:  1    Str:  8    XL:     8   Next: 0%
Magic:  15/15      EV:  7    Int: 19    God:    Kikubaaqudgha [*.....]
Gold:   205        SH:  0    Dex: 12    Spells: 3/17 levels left

rFire   . . .        t - +4 dagger (drain)
rCold   . . .        (no shield)
rNeg    . . .        (helmet restricted)
rPois   .            (no amulet)
rElec   .            (no ring)
rCorr   .            (no ring)
SInv    .            (no ring)
Will    .....        (no ring)
Stlth   +++          (no ring)
HPRegen 0.27/turn    (no ring)
MPRegen 0.14/turn    (no ring)
                     (no ring)

%: no passive effects
@: mighty, held
A: almost no armour, amphibious, 8 rings, camouflage 1, gelatinous body 1,
(nimble swimmer 1), tentacles
a: Renounce Religion, Unearth Wretches


You were on level 5 of the Dungeon.
You worshipped Kikubaaqudgha.
Kikubaaqudgha was aware of your devotion.
You visited 2 branches of the dungeon, and saw 7 of its levels.

You collected 205 gold pieces.

Inventory:

Hand Weapons
 t - a +4 dagger of draining (weapon)
Wands
 q - a wand of mindburst (15)
 s - a wand of paralysis (9)
Scrolls
 d - a scroll of fear {unknown}
 e - 3 scrolls of teleportation
 f - a scroll of acquirement {unknown}
 g - a scroll of identify {unknown}
 h - a scroll of immolation {unknown}
 i - a scroll of enchant weapon {unknown}
 k - a scroll of poison
 n - a scroll of noise {unknown}
 o - a scroll of torment {unknown}
 p - a scroll of blinking {unknown}
Potions
 a - a potion of magic
 b - a potion of enlightenment {unknown}
 c - a potion of heal wounds {unknown}
 j - a potion of lignification {unknown}
 l - a potion of brilliance {unknown}
 m - 2 potions of might
 r - a potion of haste {unknown}


   Skills:
 + Level 0.4 Short Blades
 - Level 2.0 Dodging
 + Level 2.9 Stealth
 + Level 5.2 Spellcasting
 + Level 3.7 Conjurations
 - Level 1.0 Transmutations
 + Level 6.1 Earth Magic


You had 3 spell levels left.
You knew the following spells:

 Your Spells              Type           Power      Damage    Failure   Level
a - Sandblast             Erth           56%        2d13      1%          1
b - Passwall              Tmut/Erth      15%        N/A       4%          2
c - Stone Arrow           Conj/Erth      46%        3d9       4%          3
d - Petrify               Tmut/Erth      18%        N/A       28%         4
e - Animate Dead          Necr           5%         N/A       77%         4

Your spell library contained the following spells:

 Spells                   Type           Power      Damage    Failure   Level
 Magic Dart               Conj           76%        1d6       2%          1
 Searing Ray              Conj           38%        2d5       4%          2
 Necrotise                Necr           20%        1d5       12%         1
 Sublimation of Blood     Necr           5%         N/A       19%         2
 Vampiric Draining        Necr           5%         2d6       36%         3
 Brom's Barrelling Bould  Conj/Erth      23%        2d4       16%         4
 Fulminant Prism          Conj/Hex       6%         3d6       50%         4


Dungeon Overview and Level Annotations

Branches:
Dungeon (6/15)             Temple (1/1) D:4

Altars:
Ashenzari
Cheibriados
Dithmenos
Elyvilon
Fedhas
Gozag
Hepliaklqana
Kikubaaqudgha
Nemelex Xobeh
Qazlal
Sif Muna
Uskayaw
Vehumet
Wu Jian
Xom
Yredelemnul
Zin
The Shining One


Innate Abilities, Weirdness & Mutations

You cannot wear most types of armour.
You are amphibious.
You can wear up to eight rings at the same time.
Your skin changes colour to match your surroundings (Stealth+).
Your rubbery body absorbs attacks. (AC +1, EV +1)
((You are camouflaged when in or above water. (Stealth+)))
You have tentacles for arms and can constrict up to eight enemies at once.


Message History

The gnoll sergeant is lightly wounded.
You constrict the gnoll sergeant, but do no damage.
The helpless gnoll sergeant fails to defend itself.
You hit the gnoll sergeant. You drain the gnoll sergeant.
You squeeze the gnoll sergeant.
The gnoll sergeant is heavily wounded.
You constrict the gnoll sergeant.
The helpless gnoll sergeant fails to defend itself.
You puncture the gnoll sergeant! You drain the gnoll sergeant.
You kill the gnoll sergeant!
Kikubaaqudgha accepts your kill. The gnoll closely misses you.
You have reached level 8!
The gnoll attacks as it pursues you! The gnoll hits you with a +0 flail!
The gnoll attacks as it pursues you! The gnoll completely misses you.
The gnoll hits you from afar with a +0 spear.
The gnoll throws a throwing net.
The throwing net hits you.
You become entangled in the net!
You see here a throwing net.
You tear a large gash into the net.
The gnoll barely misses you.
Okay, then.
Unknown command.
You shred the net and break free! The gnoll misses you.
The gnoll barely misses you. x2
The gnoll throws a throwing net.
The throwing net hits you.
You become entangled in the net!
The gnoll hits you with a +0 flail.
You see here a throwing net.
You struggle against the net.
The gnoll hits you with a +0 flail! The gnoll hits you with a +0 flail.
* * * LOW HITPOINT WARNING * * *
You tear a large gash into the net.
The gnoll hits you with a +0 whip.
* * * LOW HITPOINT WARNING * * *
The gnoll barely misses you. The gnoll hits you with a +0 flail!
* * * LOW HITPOINT WARNING * * *
Unknown command.
It was a potion of might.
You feel very mighty all of a sudden.
The gnoll hits you from afar with a +0 spear!
You die...
Kikubaaqudgha rasps: "You have failed me!
Welcome... death!"

......##.............#.........
..............................#
...##................#........#
.....................#........#
..........)8.........#.......##
............................#
.............g....##.....)...#
.......##...#gg.#.#........#'##
............g@.........<......
###........).........###.......
#..............................
#.....................#........
#.............[..#.....>.......
#................#######.......
#................# #.......
#................# #.......
#................# #.......


You could see 4 gnolls.

Vanquished Creatures
  A water moccasin (D:5)
  A kobold brigand (D:4)
  A phantom (D:5)
  A gnoll sergeant (D:5)
  2 scorpions
  A water moccasin zombie (D:5)
  A bullfrog zombie (D:5)
  2 hounds (D:5)
  2 orc wizards (D:5)
  A gnoll (D:5)
  9 adders
  A white imp (D:5)
  An ufetubus (D:5)
  3 worms
  3 dart slugs
  8 orcs
  10 ball pythons
  7 bats
  5 endoplasms
  3 giant cockroaches
  10 goblins
  7 hobgoblins
  2 jackals (D:1)
  6 kobolds
  7 quokkas
  2 frilled lizards
  10 rats
107 creatures vanquished.

Notes
Turn   | Place    | Note
-------+----------+-------------------------------------------
     0 | D:1      | redmage the Octopode Earth Elementalist began the quest for
                  | the Orb.
     0 | D:1      | Reached XP level 1. HP: 11/11 MP: 3/3
   225 | D:1      | Reached XP level 2. HP: 17/17 MP: 3/5
   231 | D:1      | Learned a level 2 spell: Passwall
   695 | D:1      | Reached XP level 3. HP: 21/21 MP: 4/6
   699 | D:1      | Learned a level 3 spell: Stone Arrow
  1318 | D:2      | Reached skill level 4 in Earth Magic
  1318 | D:2      | Reached XP level 4. HP: 27/27 MP: 4/8
  1375 | D:2      | Found a faded altar of an unknown god.
  2329 | D:3      | Reached XP level 5. HP: 31/31 MP: 6/10
  2593 | D:4      | Found a staircase to the Ecumenical Temple.
  2600 | Temple   | Entered the Ecumenical Temple
  2617 | Temple   | Became a worshipper of Kikubaaqudgha
  2789 | D:4      | Reached skill level 1 in Conjurations
  3138 | D:4      | Found a snail-covered altar of Cheibriados.
  3138 | D:4      | Found a stormy altar of Qazlal.
  3273 | D:4      | Reached XP level 6. HP: 36/36 MP: 10/12
  3502 | D:4      | Reached skill level 5 in Earth Magic
  3680 | D:5      | Entered Level 5 of the Dungeon
  3711 | D:5      | Upgraded the game from 0.31-a0-819-gf6de2f5ab6 to
                  | 0.31-a0-833-gc15d34cb79
  3840 | D:5      | Noticed a water moccasin
  3846 | D:5      | Killed a water moccasin
  3847 | D:5      | Reached XP level 7. HP: 41/41 MP: 2/14
  4068 | D:5      | Reached skill level 5 in Spellcasting
  4242 | D:5      | Learned a level 4 spell: Petrify
  4311 | D:5      | Reached * piety under Kikubaaqudgha
  4311 | D:5      | Received a gift from Kikubaaqudgha
  4317 | D:5      | Reached skill level 6 in Earth Magic
  4322 | D:5      | Learned a level 4 spell: Animate Dead
  4391 | D:5      | Reached XP level 8. HP: 46/46 MP: 15/15
  4398 | D:5      | HP: 1/46 [gnoll/+0 flail[a gnoll sergeant] (9)]
  4399 | D:5      | Mangled by a gnoll

Illustrated notes

Levels and vault maps discovered:
D:1:      minmay_arrival_nine_rooms, layout_loops_cross
D:2:      layout_basic, serial_glass, glass_columns_b, glass_columns_c,
          dreamdust_ecumenical_altar_angels_and_demons, minmay_pentomino_pile
D:3:      layout_basic
D:4:      layout_loops_ring, gammafunk_temple_overflow_pools,
          minmay_temple_entry_arrows, serial_rivers,
          chequers_serial_rivers_small_b, chequers_serial_rivers_micro_b,
          chequers_serial_rivers_micro_a, chequers_serial_rivers_micro_c,
          chequers_serial_rivers_small_b, chequers_serial_rivers_micro_e,
          lexackson_kobold_supper
D:5:      layout_basic, serial_undead, serial_undead_e, serial_undead_f,
          serial_undead_d, serial_undead_c
D:6:      layout_basic, uniq_duvessa
Temple:   kb_temple_of_zot

Skill      XL: |  1  2  3  4  5  6  7 |
---------------+----------------------+-----
Spellcasting   | 3 4 5 |  5.2
Earth Magic    | 4 5 6 |  6.1
Conjurations   | 1 2 3 |  3.7
Short Blades   | |  0.4
Dodging        | |  2.0
Stealth        | |  2.9
Transmutations | |  1.0

Action                     |  1- 3 |  4- 6 |  7- 9 || total
---------------------------+-------+-------+-------++-------
  Melee: Unarmed           |     4 |     7 |       ||    11
         Constrict         |     1 |     3 |     2 ||     6
         Tentacles         |       |     1 |     2 ||     3
         Dagger            |       |       |     4 ||     4
         Short sword       |       |       |     1 ||     1
   Cast: Sandblast         |    44 |    84 |    21 ||   149
         Stone Arrow       |       |     6 |     5 ||    11
         Passwall          |       |       |     1 ||     1
  Evoke: Wand              |       |       |     3 ||     3
    Use: Scroll            |       |     2 |       ||     2
         Potion            |       |     1 |     1 ||     2
   Stab: Paralysed         |       |       |     3 ||     3
         Sleeping          |       |       |     1 ||     1
 Armour: Skin              |     2 |    21 |    20 ||    43
  Dodge: Dodged            |     6 |    19 |    12 ||    37

Table legend: (Time is in decaauts)
 A = Elapsed time spent in this place.
 B = Non-inter-level travel time spent in this place.
 C = Inter-level travel time spent in this place.
 D = Time resting spent in this place.
 E = Time spent auto-exploring this place.
 F = Levels seen in this place.
 G = Mean time per level.
                   A        B        C        D        E       F      G
               +--------+--------+--------+--------+--------+-----+--------+
         Total |   4471 |   4168 |    303 |     14 |   3356 |   7 |  638.7 |
       Dungeon |   4436 |   4165 |    271 |     14 |   3356 |   6 |  739.3 |
        Temple |     34 |      2 |     32 |      0 |      0 |   1 |   34.0 |
               +--------+--------+--------+--------+--------+-----+--------+

Top non-repeatable levels by time:
     D:4: 1167 daAuts
     D:1: 1022 daAuts
     D:3: 902 daAuts
     D:2: 700 daAuts
     D:5: 637 daAuts
  Temple: 34 daAuts
     D:6: 5 daAuts
